APL (24 & UNDER)
KENOSHA KINGFISH @ DETROIT DIRTY SNOW
06/21/2026
 
TOP OF THE 1ST
Kenosha Kingfish batting - Pitching for Detroit Dirty Snow : LHP Jason Simpson
Pitching: LHP Jason Simpson
Batting: RHB Manuel Gómez 0-0: Called Strike
0-1: Swinging Strike
0-2: Foul Ball, location: 2F
0-2: Fly out, F6 (Popup, 56D)
Batting: SHB Júlio Valentín 0-0: Called Strike
0-1: Ball
1-1: Called Strike
1-2: Ball
2-2: Strikes out swinging
Batting: RHB Francisco Martínez 0-0: Ball
1-0: Fly out, F7 (Popup, 78S)
Top of the 1st over - 0 run(s), 0 hit(s), 0 error(s), 0 left on base; Kenosha 0 - Detroit 0
BOTTOM OF THE 1ST
Detroit Dirty Snow batting - Pitching for Kenosha Kingfish : RHP Sid Allen
Pitching: RHP Sid Allen
Batting: SHB Bob Noble 0-0: Ball
1-0: Swinging Strike
1-1: Ball
2-1: Called Strike
2-2: Foul Ball, location: 2F
2-2: Fly out, F3 (Popup, 3SF)
Batting: LHB David Morgan 0-0: Called Strike
0-1: Swinging Strike
0-2: Strikes out swinging
Batting: LHB Eric Powell 0-0: Ball
1-0: Ball
2-0: Ground out 3-1 (Groundball, 34)
Bottom of the 1st over - 0 run(s), 0 hit(s), 0 error(s), 0 left on base; Kenosha 0 - Detroit 0
TOP OF THE 2ND
Kenosha Kingfish batting - Pitching for Detroit Dirty Snow : LHP Jason Simpson
Batting: RHB Matt Rodríguez 0-0: Called Strike
0-1: Ball
1-1: Swinging Strike
1-2: Foul Ball, location: 2F
1-2: Foul Ball, location: 2F
1-2: Strikes out swinging
Batting: LHB Richard Brooks 0-0: Called Strike
0-1: Ball
1-1: Swinging Strike
1-2: Hit by Pitch
Batting: RHB Sergio Mata 0-0: Ball
1-0: Called Strike
1-1: Ball
2-1: Swinging Strike
2-2: Strikes out swinging
Batting: SHB John Beach 0-0: Called Strike
0-1: Swinging Strike
Pickoff Throw to First - Error! E1
Richard Brooks to second
0-2: Ball
1-2: Ball
2-2: Ball
3-2: Foul Ball, location: 2F
3-2: Strikes out swinging
Top of the 2nd over - 0 run(s), 0 hit(s), 1 error(s), 1 left on base; Kenosha 0 - Detroit 0
BOTTOM OF THE 2ND
Detroit Dirty Snow batting - Pitching for Kenosha Kingfish : RHP Sid Allen
Batting: RHB Héctor Berrios 0-0: Ball
1-0: Swinging Strike
1-1: Swinging Strike
1-2: Strikes out swinging
Batting: RHB Arturo Jiménez 0-0: Ball
1-0: Called Strike
1-1: Swinging Strike
1-2: Ball
2-2: Ball
3-2: Foul Ball, location: 2F
3-2: Fly out, F8 (Flyball, 8LM)
Batting: RHB Charlie O'Farrell 0-0: Called Strike
0-1: Ball
1-1: Ball
2-1: Ball
3-1: Fly out, F4 (Popup, 34D)
Bottom of the 2nd over - 0 run(s), 0 hit(s), 0 error(s), 0 left on base; Kenosha 0 - Detroit 0
TOP OF THE 3RD
Kenosha Kingfish batting - Pitching for Detroit Dirty Snow : LHP Jason Simpson
Batting: RHB Doug Lutz 0-0: Ball
1-0: Swinging Strike
1-1: Ground out 4-3 (Groundball, 34)
Batting: RHB Tommy Davenport 0-0: Ball
1-0: Foul Ball, location: 2F
1-1: Swinging Strike
1-2: Ball
2-2: Foul Ball, location: 2F
2-2: Ground out 4-3 (Groundball, 4)
Batting: RHB Manuel Gómez 0-0: Ball
1-0: Ball
2-0: Called Strike
2-1: SINGLE (Groundball, 56D)
Batting: SHB Júlio Valentín 0-0: Ball
1-0: Ball
2-0: Called Strike
2-1: Foul Ball, location: 2F
2-2: Strikes out looking
Top of the 3rd over - 0 run(s), 1 hit(s), 0 error(s), 1 left on base; Kenosha 0 - Detroit 0
BOTTOM OF THE 3RD
Detroit Dirty Snow batting - Pitching for Kenosha Kingfish : RHP Sid Allen
Batting: RHB Carlos Rocha 0-0: SINGLE (Groundball, 56)
Batting: RHB Manny Perea 0-0: Called Strike
0-1: Ball
1-1: Foul Ball, location: 2F
1-2: SINGLE (Groundball, 6MD)
Carlos Rocha to second
Batting: RHB Phil Wright 0-0: Foul Ball, location: 2F
0-1: SINGLE (Flyball, 89M)
Carlos Rocha to third
Manny Perea to second
Batting: SHB Bob Noble 0-0: Swinging Strike
0-1: Ball
1-1: Ball
2-1: Ball
3-1: Foul Ball, location: 2F
3-2: Foul Ball, location: 2F
3-2: Base on Balls
Carlos Rocha scores
Manny Perea to third
Phil Wright to second
Batting: LHB David Morgan 0-0: Fly out, F8 (Flyball, 8RM)
Runner from 3rd tags up, SCORES, throw made
Batting: LHB Eric Powell 0-0: Ball
1-0: Called Strike
1-1: Foul Ball, location: 2F
1-2: TRIPLE (Line Drive, 3L)
Phil Wright scores
Bob Noble scores
Batting: RHB Héctor Berrios 0-0: Called Strike
0-1: Swinging Strike
0-2: Ball
1-2: 2-RUN HOME RUN (Flyball, 7D), Distance : 373 ft
Batting: RHB Arturo Jiménez 0-0: Ground out 1-3 (Groundball, 25)
Batting: RHB Charlie O'Farrell 0-0: Ball
1-0: Called Strike
1-1: Reached on Error, E1 (Popup, 15S)
Batting: RHB Carlos Rocha 0-0: Fly out, F5 (Line Drive, 56)
Bottom of the 3rd over - 6 run(s), 5 hit(s), 1 error(s), 1 left on base; Kenosha 0 - Detroit 6
TOP OF THE 4TH
Kenosha Kingfish batting - Pitching for Detroit Dirty Snow : LHP Jason Simpson
Batting: RHB Francisco Martínez 0-0: Ball
1-0: Ball
2-0: Ball
3-0: Called Strike
3-1: SINGLE (Line Drive, 6MD)
Batting: RHB Matt Rodríguez 0-0: Called Strike
0-1: Ball
Wild Pitch!
Francisco Martínez to second
1-1: Foul Ball, location: 2F
1-2: Ball
2-2: Ball
3-2: Strikes out swinging
Batting: LHB Richard Brooks 0-0: Swinging Strike
0-1: Foul Ball, location: 2F
0-2: Ball
1-2: Ball
2-2: Foul Ball, location: 2F
2-2: Strikes out swinging
Batting: RHB Sergio Mata 0-0: Fly out, F9 (Flyball, 9M)
Top of the 4th over - 0 run(s), 1 hit(s), 0 error(s), 1 left on base; Kenosha 0 - Detroit 6
BOTTOM OF THE 4TH
Detroit Dirty Snow batting - Pitching for Kenosha Kingfish : RHP Sid Allen
Batting: RHB Manny Perea 0-0: Ball
1-0: Called Strike
1-1: Ball
2-1: Foul Ball, location: 2F
2-2: Strikes out swinging
Batting: RHB Phil Wright 0-0: Ball
1-0: Foul Ball, location: 2F
1-1: Ball
2-1: Ball
3-1: Swinging Strike
3-2: Base on Balls
Batting: SHB Bob Noble 0-0: Swinging Strike
0-1: Ball
1-1: Fly out, F8 (Flyball, 8RXD)
Batting: LHB David Morgan 0-0: Ball
1-0: Ground out 2-3 (Groundball, 2L)
Bottom of the 4th over - 0 run(s), 0 hit(s), 0 error(s), 1 left on base; Kenosha 0 - Detroit 6
TOP OF THE 5TH
Kenosha Kingfish batting - Pitching for Detroit Dirty Snow : LHP Jason Simpson
Batting: SHB John Beach 0-0: Called Strike
0-1: Swinging Strike
0-2: Ball
1-2: Foul Ball, location: 2F
1-2: DOUBLE (Flyball, 9M)
Batting: RHB Doug Lutz 0-0: Ball
1-0: Ball
2-0: Called Strike
2-1: Foul Ball, location: 2F
2-2: Strikes out swinging
Batting: RHB Tommy Davenport 0-0: Ground out U3 (Groundball, 3L)
John Beach to third
Batting: RHB Manuel Gómez 0-0: Ball
1-0: Ball
2-0: Called Strike
2-1: 2-RUN HOME RUN (Flyball, 89XD), Distance : 409 ft
Batting: SHB Júlio Valentín 0-0: Called Strike
0-1: Ball
1-1: Foul Ball, location: 2F
1-2: Ball
2-2: Foul Ball, location: 2F
2-2: Strikes out swinging
Top of the 5th over - 2 run(s), 2 hit(s), 0 error(s), 0 left on base; Kenosha 2 - Detroit 6
BOTTOM OF THE 5TH
Detroit Dirty Snow batting - Pitching for Kenosha Kingfish : RHP Sid Allen
Batting: LHB Eric Powell 0-0: Ground out 4-3 (Groundball, 4)
Batting: RHB Héctor Berrios 0-0: Ball
1-0: Ball
2-0: SINGLE (Line Drive, 9LS)
Batting: RHB Arturo Jiménez 0-0: Called Strike
0-1: Ball
1-1: Foul Ball, location: 2F
1-2: Foul Ball, location: 2F
1-2: Strikes out swinging
Batting: RHB Charlie O'Farrell 0-0: Called Strike
Héctor Berrios is caught stealing 2nd base
Bottom of the 5th over - 0 run(s), 1 hit(s), 0 error(s), 0 left on base; Kenosha 2 - Detroit 6
TOP OF THE 6TH
Kenosha Kingfish batting - Pitching for Detroit Dirty Snow : LHP Jason Simpson
Pitching: RHP Paul McFadden
Batting: RHB Francisco Martínez 0-0: Called Strike
0-1: Ball
1-1: Ball
2-1: Foul Ball, location: 2F
2-2: Foul Ball, location: 2F
2-2: Ground out 5-3 (Groundball, 56)
Batting: RHB Matt Rodríguez 0-0: Ball
1-0: Ball
2-0: Swinging Strike
2-1: Ball
3-1: Foul Ball, location: 2F
3-2: Ground out 6-3 (Groundball, 6)
Batting: LHB Richard Brooks 0-0: Called Strike
0-1: Ball
1-1: Called Strike
1-2: Ground out 6-3 (Groundball, 6)
Top of the 6th over - 0 run(s), 0 hit(s), 0 error(s), 0 left on base; Kenosha 2 - Detroit 6
BOTTOM OF THE 6TH
Detroit Dirty Snow batting - Pitching for Kenosha Kingfish : RHP Sid Allen
Batting: RHB Charlie O'Farrell 0-0: Foul Ball, location: 2F
0-1: Ball
1-1: Swinging Strike
1-2: Strikes out swinging
Pitching: RHP Aubrey Hudson
Batting: RHB Carlos Rocha 0-0: Foul Ball, location: 2F
0-1: Swinging Strike
0-2: Ball
1-2: Strikes out swinging
Batting: RHB Manny Perea 0-0: Ball
1-0: Foul Ball, location: 2F
1-1: Ball
2-1: Ball
3-1: Base on Balls
Batting: RHB Phil Wright 0-0: Called Strike
0-1: Foul Ball, location: 2F
0-2: Ball
1-2: Ground out 1-3 (Groundball, 15)
Bottom of the 6th over - 0 run(s), 0 hit(s), 0 error(s), 1 left on base; Kenosha 2 - Detroit 6
TOP OF THE 7TH
Kenosha Kingfish batting - Pitching for Detroit Dirty Snow : RHP Paul McFadden
Batting: RHB Sergio Mata 0-0: SINGLE (Line Drive, 5L)
Batting: SHB John Beach 0-0: Ball
Sergio Mata is caught stealing 2nd base
1-0: SOLO HOME RUN (Flyball, 78XD), Distance : 439 ft
Batting: RHB Doug Lutz 0-0: Ball
1-0: Foul Ball, location: 2F
1-1: Ball
2-1: Hit by Pitch
Batting: RHB Tommy Davenport 0-0: Called Strike
0-1: Ground out 4-3 (Groundball, 4M)
Doug Lutz to second
Batting: RHB Manuel Gómez 0-0: Ball
1-0: Swinging Strike
1-1: Ball
2-1: Ground out 6-3 (Groundball, 6)
Top of the 7th over - 1 run(s), 2 hit(s), 0 error(s), 1 left on base; Kenosha 3 - Detroit 6
BOTTOM OF THE 7TH
Detroit Dirty Snow batting - Pitching for Kenosha Kingfish : RHP Aubrey Hudson
Batting: SHB Bob Noble 0-0: Called Strike
0-1: Ball
1-1: Ball
2-1: Ball
3-1: Base on Balls
Batting: LHB David Morgan 0-0: Bunted foul
0-1: Ball
Bob Noble is caught stealing 2nd base
1-1: Called Strike
1-2: Ball
2-2: Strikes out swinging
Batting: LHB Eric Powell 0-0: Called Strike
0-1: Called Strike
0-2: Foul Ball, location: 2F
0-2: Ball
1-2: SINGLE (Groundball, 34D)
Batting: RHB Héctor Berrios 0-0: Called Strike
0-1: Swinging Strike
0-2: Ball
1-2: Strikes out swinging
Bottom of the 7th over - 0 run(s), 1 hit(s), 0 error(s), 1 left on base; Kenosha 3 - Detroit 6
TOP OF THE 8TH
Kenosha Kingfish batting - Pitching for Detroit Dirty Snow : RHP Paul McFadden
Pitching: RHP Carl Thomas
Batting: SHB Júlio Valentín 0-0: Called Strike
0-1: Foul Ball, location: 2F
0-2: Ball
1-2: Foul Ball, location: 2F
1-2: Ground out 4-3 (Groundball, 4)
Batting: RHB Francisco Martínez 0-0: Ball
1-0: Ball
2-0: Swinging Strike
2-1: Ball
3-1: Fly out, F8 (Line Drive, 8RM)
Batting: RHB Matt Rodríguez 0-0: Called Strike
0-1: Ball
1-1: Swinging Strike
1-2: Foul Ball, location: 2F
1-2: Strikes out looking
Top of the 8th over - 0 run(s), 0 hit(s), 0 error(s), 0 left on base; Kenosha 3 - Detroit 6
BOTTOM OF THE 8TH
Detroit Dirty Snow batting - Pitching for Kenosha Kingfish : RHP Aubrey Hudson
Batting: RHB Arturo Jiménez 0-0: Foul Ball, location: 2F
0-1: Swinging Strike
0-2: Strikes out looking
Pitching: RHP Paul Pothecary
Batting: RHB Charlie O'Farrell 0-0: Ball
1-0: Called Strike
1-1: Called Strike
1-2: Ball
2-2: Foul Ball, location: 2F
2-2: Ball
3-2: Foul Ball, location: 2F
3-2: Fly out, F7 (Flyball, 7S)
Batting: RHB Carlos Rocha 0-0: Called Strike
0-1: Swinging Strike
0-2: Ball
1-2: Foul Ball, location: 2F
1-2: Ball
2-2: Ball
3-2: Foul Ball, location: 2F
3-2: Base on Balls
Batting: RHB Manny Perea 0-0: Swinging Strike
0-1: Swinging Strike
0-2: Foul Ball, location: 2F
0-2: Strikes out looking
Bottom of the 8th over - 0 run(s), 0 hit(s), 0 error(s), 1 left on base; Kenosha 3 - Detroit 6
TOP OF THE 9TH
Kenosha Kingfish batting - Pitching for Detroit Dirty Snow : RHP Carl Thomas
Pitching: RHP Leonard Christensen
Batting: LHB Richard Brooks 0-0: Called Strike
0-1: Ball
1-1: Swinging Strike
1-2: Ball
2-2: Strikes out swinging
Batting: RHB Sergio Mata 0-0: Called Strike
0-1: Foul Ball, location: 2F
0-2: SINGLE (Groundball, 34S)
Batting: SHB John Beach 0-0: Ball
1-0: Foul Ball, location: 2F
1-1: Ball
2-1: Ground out 6-3 (Groundball, 6S)
Sergio Mata to second
Batting: RHB Doug Lutz 0-0: Called Strike
0-1: Ball
1-1: Foul Ball, location: 2F
1-2: Strikes out swinging
Top of the 9th over - 0 run(s), 1 hit(s), 0 error(s), 1 left on base; Kenosha 3 - Detroit 6
Monday, December 5th, 2016 - OOTP Baseball 17.12 Build 75